 Dungeon Crawl Stone Soup version 0.26.0-11-g8f856b5395 (webtiles) character file.

Game seed: 13989766356031256820

51 Destapler the Sneak (level 3, -4/15 HPs)
             Began as a Felid Hedge Wizard on Jan 15, 2021.
             Slain by an orc
             ... wielding a +2 falchion of holy wrath
              (6 damage)
             ... on level 3 of the Dungeon.
             The game lasted 00:12:14 (3343 turns).

Destapler the Sneak (Felid Hedge Wizard)            Turns: 3343, Time: 00:12:15

Health: -4/15      AC:  1    Str: 12    XL:     3   Next: 58%
Magic:  8/8        EV: 18    Int: 16    God:
Gold:   238        SH:  0    Dex: 15    Spells: 3/8 levels left
                                        Lives:  0   Deaths: 1

rFire    . . .     SeeInvis +     - Unarmed
rCold    . . .     Faith    .   (shield unavailable)
rNeg     . . .     Spirit   .   (armour unavailable)
rPois    .         Reflect  .   (helmet unavailable)
rElec    .         Harm     .   (cloak unavailable)
rCorr    .         Rampage  .   (gloves unavailable)
Will     .....                  (boots unavailable)
Stlth    +++.......             (no amulet)
HPRegen  0.05/turn              f - +6 ring of strength
MPRegen  0.11/turn              (no ring)

@: quick
A: very small, no armour, no weapons or thrown items, stealth, claws 1, fangs 3,
see invisible, speed 1, shaggy fur 1, sharp paws
a: no special abilities


You were on level 3 of the Dungeon.
You visited 1 branch of the dungeon, and saw 3 of its levels.

You collected 238 gold pieces.

Inventory:

Missiles
 j - 6 poisoned darts
Jewellery
 f - a +6 ring of strength (left paw)
Scrolls
 b - 2 scrolls of amnesia {unknown}
 d - 2 scrolls of identify {unknown}
 g - a scroll of remove curse {unknown}
 k - a scroll of teleportation {unknown}
 l - a scroll of fear {unknown}
 m - 2 scrolls of magic mapping {unknown}
 n - a scroll of enchant armour {unknown}
Potions
 a - a potion of mutation {unknown}
 c - a potion of might {unknown}
 e - 2 potions of invisibility {unknown}
 h - 2 potions of brilliance {unknown}
 i - a potion of flight {unknown}


   Skills:
 * Level 0.8 Fighting
 * Level 3.5 Dodging
 + Level 3.7 Stealth
 * Level 1.3 Unarmed Combat
 + Level 3.2 Spellcasting
 + Level 1.5 Conjurations
 + Level 1.6 Summonings
 + Level 2.4 Translocations


You had 3 spell levels left.
You knew the following spells:

 Your Spells              Type           Power        Failure   Level
a - Magic Dart            Conj           28%          10%         1
b - Call Imp              Summ           8%           14%         2
B - Blink                 Tloc           N/A          10%         2

Your spell library contained the following spells:

 Spells                   Type           Power        Failure   Level
 Slow                     Hex            2%           28%         2
 Conjure Flame            Conj/Fire      5%           36%         3
 Mephitic Cloud           Conj/Pois/Air  4%           41%         3


Dungeon Overview and Level Annotations

Branches:
Dungeon (3/15)

Altars:
Uskayaw


Innate Abilities, Weirdness & Mutations

You cannot wear armour.
You are incapable of wielding weapons or throwing items.
Your paws allow you to move quietly. (Stealth)
You have sharp claws.
You have razor-sharp teeth.
You have supernaturally acute eyesight. (SInv)
You cover ground quickly.
You are covered in fur. (AC +1)
Your sharp claws are effective at attacking unaware monsters.


Message History

You are now level 3!
You rejoin the land of the living...
You now have 238 gold pieces (gained 20).
You see here 2 throwing nets.
Found 23 stones.
An orc comes into view.
It is wielding a +2 falchion of holy wrath.
The orc shouts!
The orc hits you with a +2 falchion of holy wrath.
You barely miss the orc. You closely miss the orc.
The orc hits you with a +2 falchion of holy wrath.
You closely miss the orc. The orc closely misses you.
You scratch the orc but do no damage. The orc barely misses you.
You barely miss the orc. You bite the orc.
The orc is moderately wounded.
The orc hits you with a +2 falchion of holy wrath!
Ouch! That really hurt!
* * * LOW HITPOINT WARNING * * *
The orc hits you with a +2 falchion of holy wrath.
You die...

#.#.#.# #####.##.
#.#.#.# ##..#..
#.#.#.# #......
#.#.#.# ####.#.#.#
#(..#.# #.......).
######.# #.##.#.#.#
#......####.#<......
#.##..5...#.##.#.#.#
#..@.####.#.#.......
####o# ##.#.#..#.#.#
#.# #.(..#.......
#.###.#..........
#..........######
#..#.#.#.#.##
#..(........#
#..#.#.#.#..##
#............#


You could see an orc and a friendly crimson imp (summoned).

Vanquished Creatures
  An adder (D:3)
  A worm (D:2)
  A dart slug (D:1)
  A leopard gecko (D:1)
  A ball python (D:1)
  5 giant cockroaches
  7 goblins
  9 hobgoblins
  7 jackals
  3 kobolds
  A quokka (D:2)
  10 bats
  5 frilled lizards
  13 rats
65 creatures vanquished.

Vanquished Creatures (collateral kills)
  3 adders
  A ball python (D:2)
  A hobgoblin (D:3)
  3 jackals
  A kobold (D:2)
  A frilled lizard (D:2)
10 creatures vanquished.

Grand Total: 75 creatures vanquished

Notes
Turn   | Place    | Note
-------+----------+-------------------------------------------
     0 | D:1      | Destapler the Felid Hedge Wizard began the quest for the
                  | Orb.
     0 | D:1      | Reached XP level 1. HP: 7/7 MP: 5/5
     3 | D:1      | Noticed an electric eel
     6 | D:1      | Noticed an electric eel
    51 | D:1      | Reached skill level 1 in Conjurations
   265 | D:1      | Reached XP level 2. HP: 11/11 MP: 1/7
   869 | D:1      | Reached XP level 3. HP: 14/14 MP: 8/8
  1327 | D:2      | Learned a level 2 spell: Call Imp
  1330 | D:2      | Learned a level 2 spell: Blink
  2020 | D:2      | Reached skill level 1 in Unarmed Combat
  2182 | D:2      | Reached XP level 4. HP: 18/18 MP: 6/9
  2900 | D:3      | Found a hide-covered altar of Uskayaw.
  3170 | D:3      | Noticed an ogre
  3317 | D:3      | Mangled by an ogre
  3318 | D:3      | Reached XP level 3. HP: -12/15 MP: 2/8
  3343 | D:3      | Slain by an orc

Illustrated notes

Levels and vault maps discovered:
D:1:      arrival_aquarium_b, layout_rooms, minmay_rat_gold_closets
D:2:      layout_loops_ring
D:3:      layout_basic, general_overflow_altar, serial_co_window_serial,
          co_window_corner_a, co_window_paths_a, co_window_paths_a,
          co_window_corner_a, co_window_corner_a, co_window_of_opportunity_a,
          co_window_paths_a, co_window_corner_cb, co_window_broadway_b,
          co_window_corner_b, glass_columns_c, glass_columns_c, glass_columns_a,
          glass_columns_b

Skill      XL: |  1  2  3 |
---------------+----------+-----
Conjurations   | 1 |  1.5
Dodging        | 3 |  3.5
Stealth        | 3 |  3.7
Translocations | 2 |  2.4
Unarmed Combat | 1 |  1.3
Fighting       | |  0.8
Spellcasting   | |  3.2
Summonings     | |  1.6

Action                   |  1- 3 |  4- 6 || total
-------------------------+-------+-------++-------
Melee: Unarmed           |   140 |    56 ||   196
       Bite              |     7 |     8 ||    15
       Punch             |       |     2 ||     2
 Cast: Magic Dart        |    38 |     7 ||    45
       Call Imp          |     4 |    18 ||    22
       Blink             |       |     1 ||     1
 Stab: Sleeping          |    15 |     2 ||    17
Armor: Skin              |     7 |     4 ||    11
Dodge: Dodged            |   126 |    48 ||   174
